 Dungeon Crawl Stone Soup version 0.32-a0-918-g0f22ef8d61 (webtiles) character file.

Game seed: 9870201220831201865

578 Fodor the Chopper (level 7, -2/61 HPs)
             Began as a Minotaur Fighter on Apr 11, 2024.
             Killed by nerve-wracking pain
             ... invoked by EvilEddieB's ghost
              (10 damage)
             ... on level 3 of the Dungeon.
             The game lasted 00:09:30 (2520 turns).

Fodor the Chopper (Minotaur Fighter)                Turns: 2520, Time: 00:09:31

Health: -2/61      AC: 12    Str: 23    XL:     7   Next: 13%
Magic:  6/6        EV:  7    Int:  5    God:
Gold:   124        SH:  4    Dex:  9    Spells: 6/6 levels left

rFire   . . .        a - +0 war axe
rCold   . . .        c - +0 buckler
rNeg    . . .        f - +0 chain mail
rPois   .            (helmet restricted)
rElec   .            (no cloak)
rCorr   .            (no gloves)
SInv    .            (no boots)
Will    .....        (no amulet) Stlth
                     (no ring)
HPRegen 0.30/turn    (no ring)
MPRegen 0.10/turn

%: no passive effects
@: lethally poisoned (-2 -> -12)
A: horns 2, retaliatory headbutt, iridescent scales 1, sense surroundings 1
a: no special abilities


You were on level 3 of the Dungeon.
You visited 1 branch of the dungeon, and saw 4 of its levels.
You also visited: Sewer.

You collected 124 gold pieces.

Inventory:

Hand Weapons
 a - a +0 war axe (weapon)
Armour
 c - a +0 buckler (worn)
 f - a +0 chain mail (worn)
Jewellery
 m - a ring of flight
Wands
 p - a wand of mindburst (12)
Scrolls
 b - 3 scrolls of enchant armour {unknown}
 h - 2 scrolls of noise {unknown}
 k - 2 scrolls of teleportation {unknown}
 n - a scroll of identify {unknown}
 o - 2 scrolls of fog {unknown}
 v - a scroll of enchant weapon {unknown}
 w - a scroll of amnesia {unknown}
 x - a scroll of torment {unknown}
Potions
 d - 2 potions of might
 e - a potion of mutation
 g - a potion of curing {unknown}
 i - 2 potions of brilliance {unknown}
 j - 2 potions of heal wounds
 l - a potion of enlightenment {unknown}
 q - a potion of berserk rage {unknown}
 r - a potion of lignification {unknown}
 s - a potion of cancellation {unknown}
 t - 3 potions of attraction {unknown}
 u - a potion of invisibility {unknown}


   Skills:
 + Level 5.4 Fighting
 + Level 6.4 Axes
 + Level 5.7 Armour
 + Level 1.3 Dodging
 + Level 0.4 Stealth
 + Level 4.3 Shields


You had 6 spell levels left.
You didn't know any spells.
Your spell library contained the following spells:

 Spells                   Type           Power      Damage    Failure   Level
 Blink                    Tloc           0%         N/A       99%         2
 Call Imp                 Summ           0%         N/A       99%         2
 Lesser Beckoning         Tloc           0%         N/A       99%         2
 Momentum Strike          Conj/Tloc      0%         3d8       99%         2
 Sublimation of Blood     Necr           0%         N/A       99%         2
 Summon Hydra             Summ           0%         N/A       100%        7


Dungeon Overview and Level Annotations

Branches:
Dungeon (4/15)              Sewer (visited)
 Temple: D:4-7

Altars:
Dithmenos
Makhleb
Okawaru
Wu Jian
Yredelemnul

Annotations:
D:3 EvilEddieB's ghost, amateur DsNe


Innate Abilities, Weirdness & Mutations

You have a pair of horns on your head.
You reflexively headbutt those who attack you in melee.
You are partially covered in iridescent scales. (AC +2)
You passively map a small area around you.


Message History

You closely miss EvilEddieB's ghost.
EvilEddieB's ghost is lightly damaged.
You feel sick. EvilEddieB's ghost closely misses you.
EvilEddieB's ghost hits you but does no damage.
You slash EvilEddieB's ghost!
Your headbutt misses EvilEddieB's ghost.
EvilEddieB's ghost is heavily damaged.
You feel sick. EvilEddieB's ghost hits you.
You are more poisoned.
You slash EvilEddieB's ghost!
EvilEddieB's ghost is severely damaged.
You feel very sick.
EvilEddieB's ghost hits you but does no damage.
You are more poisoned.
You barely miss EvilEddieB's ghost.
EvilEddieB's ghost is severely damaged.
You feel very sick. EvilEddieB's ghost hits you.
You are more poisoned.
Unknown command.
You barely miss EvilEddieB's ghost.
Your headbutt misses EvilEddieB's ghost.
EvilEddieB's ghost is severely damaged.
You feel extremely sick. EvilEddieB's ghost barely misses you.
EvilEddieB's ghost draws life force from you.
EvilEddieB's ghost is healed by the life force!
You closely miss EvilEddieB's ghost.
EvilEddieB's ghost is severely damaged.
You feel very sick.
EvilEddieB's ghost casts a spell at you.
Pain shoots through your body!
* * * LOW HITPOINT WARNING * * *
You barely miss EvilEddieB's ghost. You headbutt EvilEddieB's ghost!
EvilEddieB's ghost is almost destroyed.
* * * LOW HITPOINT WARNING * * *
You feel very sick.
EvilEddieB's ghost gestures at you while chanting.
Pain shoots through your body!
You die...

......##.##...<..#####.#.#.#.....
......##.##..........[.#.#.......
.................#.....#.#.......
###..###.##......#...#.#.#.......
#~##.# #.##......#....)#.#.......
.#~### #.##......#...............
#~## #.##.####.#.#####.########
~#~# #.#..#..#.........# # #~##
#.#..#ß$W@..#####.# # ~#~#
#.#..#..#..## ### #
#~######...######## #
###........# #.# #
#########..###.# #
#..............# #
#.########..#### # #.#
##..##################### #.#
#........................


You could see EvilEddieB's ghost.

Vanquished Creatures
  Grinder (D:3)
  Pargi (D:3)
  An orc priest (D:3)
  Ijyb (D:3)
  2 orc wizards (D:3)
  A hell rat (Sewer)
  2 adders
  4 gnolls (D:2)
  2 river rats (Sewer)
  2 dart slugs (D:1)
  3 orcs (D:3)
  5 ball pythons
  7 endoplasms
  4 giant cockroaches
  5 goblins
  3 hobgoblins
  A quokka (D:2)
  3 bats
  8 frilled lizards
  4 kobolds
  11 rats
71 creatures vanquished.

Notes
Turn   | Place    | Note
-------+----------+-------------------------------------------
     0 | D:1      | Fodor the Minotaur Fighter began the quest for the Orb.
     0 | D:1      | Reached XP level 1. HP: 19/19 MP: 0/0
   276 | D:1      | Reached XP level 2. HP: 27/27 MP: 1/1
   782 | D:2      | Reached XP level 3. HP: 17/34 MP: 2/2
   786 | D:2      | Reached skill level 3 in Axes
   798 | D:2      | Reached XP level 4. HP: 5/41 MP: 3/3
   978 | D:2      | You fall into a shaft and drop 2 floors!
  1329 | D:3      | Noticed Grinder
  1334 | D:3      | Paralysed by Grinder for 4 turns
  1343 | D:3      | Killed Grinder
  1344 | D:3      | Reached skill level 5 in Fighting
  1344 | D:3      | Reached skill level 5 in Axes
  1344 | D:3      | Reached skill level 5 in Armour
  1344 | D:3      | Reached skill level 1 in Dodging
  1344 | D:3      | Reached XP level 5. HP: 36/48 MP: 4/4
  1344 | D:3      | Reached XP level 6. HP: 42/56 MP: 5/5
  1410 | D:3      | Noticed Ijyb
  1411 | D:3      | Found a runed translucent door.
  1427 | D:3      | Killed Ijyb
  1431 | D:3      | Gained mutation: You are partially covered in iridescent
                  | scales. (AC +2) [potion of mutation]
  1431 | D:3      | Gained mutation: You passively map a small area around you.
                  | [potion of mutation]
  1431 | D:3      | HP: 1/56 [poisoned by Ijyb]
  1508 | D:3      | Noticed Pargi
  1511 | D:3      | Found a burning altar of Makhleb.
  1511 | D:3      | Found an ornate altar of the Wu Jian Council.
  1513 | D:3      | Found an iron altar of Okawaru.
  1515 | D:3      | Found a shadowy altar of Dithmenos.
  1521 | D:3      | Killed Pargi
  1534 | D:3      | Found a basalt altar of Yredelemnul.
  1588 | D:3      | Found a glowing drain.
  1600 | Sewer    | Entered a sewer
  1628 | Sewer    | Reached skill level 6 in Axes
  2039 | D:3      | Reached XP level 7. HP: 41/61 MP: 6/6
  2374 | D:3      | Noticed EvilEddieB's ghost (amateur DsNe)
  2520 | D:3      | Killed from afar by EvilEddieB's ghost

Illustrated notes

Levels and vault maps discovered:
D:1:      saegor_arrival_miasma, layout_basic, serial_glass, glass_columns_c,
          glass_columns_b, glass_columns_b
D:2:      layout_rooms, ebering_ecumenical_altar_hall
D:3:      layout_basic, grunt_temple_overflow_open,
          mainiacjoe_sewer_entry_somewhere_in_here_1, gammafunk_ghost_grave,
          uniq_grinder, uniq_ijyb, uniq_pargi
D:4:      nicolae_cairo_tiling_very_big, layout_basic

Skill      XL: |  1  2  3  4  5  6 |
---------------+-------------------+-----
Armour         | 4 5 |  5.7
Fighting       | 4 5 |  5.4
Axes           | 3 5 6 |  6.4
Dodging        | 1 |  1.3
Shields        | 4 |  4.3
Stealth        | |  0.4

Action                     |  1- 3 |  4- 6 |  7- 9 || total
---------------------------+-------+-------+-------++-------
  Melee: War axe           |    51 |    93 |    17 ||   161
         Headbutt          |     5 |    11 |     1 ||    17
  Throw: Dart              |     2 |       |       ||     2
    Use: Potion            |       |     2 |       ||     2
 Armour: Scale mail        |     5 |       |       ||     5
         Chain mail        |    37 |    76 |    15 ||   128
  Dodge: Dodged            |    31 |    40 |     4 ||    75
  Block: Buckler           |    13 |    23 |     2 ||    38

Table legend: (Time is in decaauts)
 A = Elapsed time spent in this place.
 B = Non-inter-level travel time spent in this place.
 C = Inter-level travel time spent in this place.
 D = Time resting spent in this place.
 E = Time spent auto-exploring this place.
 F = Levels seen in this place.
 G = Mean time per level.
                   A        B        C        D        E       F      G
               +--------+--------+--------+--------+--------+-----+--------+
         Total |   2596 |   2560 |     36 |     10 |   1510 |   5 |  519.2 |
       Dungeon |   2469 |   2433 |     36 |     10 |   1510 |   4 |  617.2 |
         Sewer |    126 |    126 |      0 |      0 |      0 |   1 |  126.0 |
               +--------+--------+--------+--------+--------+-----+--------+

Top non-repeatable levels by time:
     D:3: 1239 daAuts
     D:1: 781 daAuts
     D:4: 231 daAuts
     D:2: 217 daAuts
   Sewer: 126 daAuts
